 Dungeon Crawl Stone Soup version 0.29-a0-886-gfb1a3fa8b1 (webtiles) character file.

Game seed: 10926988544121878695

5 Nedwor the Cudgeller (level 1, 20/20 HPs)
             Began as a Minotaur Berserker on July 16, 2022.
             Was a Follower of Trog.
             Quit the game on level 1 of the Dungeon on July 21, 2022.
             The game lasted 00:00:21 (188 turns).

Nedwor the Cudgeller (Minotaur Berserker)            Turns: 188, Time: 00:00:21

Health: 20/20      AC:  2    Str: 21    XL:     1   Next: 66%
Magic:  0/0        EV: 12    Int:  4    God:    Trog [*.....]
Gold:   0          SH:  0    Dex:  9    Spells: 0/0 levels left

rFire   . . .      SeeInvis .   a - +0 mace
rCold   . . .      Faith    .   (no shield)
rNeg    . . .      Spirit   .   b - +0 animal skin
rPois   .          Reflect  .   (helmet restricted)
rElec   .          Harm     .   (no cloak)
rCorr   .          Rampage  .   (no gloves)
Will    .....                   (no boots)
Stlth   +.........              (no amulet)
HPRegen 0.06/turn               (no ring)
MPRegen 0.07/turn               (no ring)

@: no status effects
A: horns 2, retaliatory headbutt
a: Renounce Religion, Berserk


You were on level 1 of the Dungeon.
You worshipped Trog.
Trog was aware of your devotion.
You visited 1 branch of the dungeon, and saw 1 of its levels.

Inventory:

Hand Weapons
 a - a +0 mace (weapon)
Armour
 b - a +0 animal skin (worn)
Scrolls
 c - a scroll of blinking {unknown}


   Skills:
 + Level 3.7 Fighting
 * Level 3.8 Maces & Flails
 + Level 2.5 Armour
 + Level 2.3 Dodging


You couldn't memorise any spells.
You didn't know any spells.
Your spell library was empty.

Dungeon Overview and Level Annotations

Branches:
Dungeon (1/15)

Altars:


Innate Abilities, Weirdness & Mutations

You have a pair of horns on your head.
You reflexively headbutt those who attack you in melee.


Message History

No target in view!
No target in view!
Setting a skill training target for Maces & Flails at 14.0.
You open the door.
A dart slug comes into view.
The dart slug launches a dart at you.
The slug dart hits you but does no damage.
A dart slug is nearby!
A dart slug is nearby!
A dart slug is nearby!
You sock the dart slug!
The dart slug is almost dead.
The dart slug closely misses you. You furiously retaliate!
You headbutt the dart slug.
You kill the dart slug!
Trog accepts your kill.
No target in view!
No target in view!
You see here a dart slug corpse.
A quokka comes into view.
A quokka is nearby!
A quokka is nearby!
You hit the quokka but do no damage. Your headbutt misses the quokka.
The quokka bites you.
You closely miss the quokka. Your headbutt misses the quokka.
The quokka bites you. The quokka misses you.
You closely miss the quokka. You headbutt the quokka.
You kill the quokka!
Trog accepts your kill.
No target in view!
No target in view!
No target in view!
No target in view!
No target in view!
HP restored.
A kobold and a ball python come into view.
Welcome back, Nedwor the Minotaur Berserker.
Trog says: Kill them all!
Press ? for a list of commands and other information.
Are you sure you want to abandon this character and quit the game? (Confirm with "yes".)

#. #.##'##.#
#..##.#...#.#
#.....#.⌠.#..
#.....##.#...#..
###...##.##+##.#
#............#
#.......†.####
##############.#
#.@......#
#.####
#.######.#
#..... #. #.#
##.### #.
#.######.# #S
#........# K.
########## ##


You could see a ball python and a kobold (asleep).

Vanquished Creatures
  A dart slug (D:1)
  A bat (D:1)
  A quokka (D:1)
3 creatures vanquished.

Notes
Turn   | Place    | Note
-------+----------+-------------------------------------------
     0 | D:1      | Nedwor the Minotaur Berserker began the quest for the Orb.
     0 | D:1      | Reached XP level 1. HP: 19/19 MP: 0/0
   188 | D:1      | Upgraded the game from 0.29-a0-847-g24c0ca63c9 to
                  | 0.29-a0-886-gfb1a3fa8b1
   188 | D:1      | Quit the game

Illustrated notes

Levels and vault maps discovered:
D:1:      erik_arrival_orb_chamber, layout_loops_ring,
          shapermc_ecumenical_altar_mp_vishouse, minmay_misc_feat_room

Action                   || total
-------------------------++-------
Melee: Mace              ||     4
       Headbutt          ||     1
Armor: Animal skin       ||     1
Dodge: Dodged            ||     3

Table legend: (Time is in decaauts)
 A = Elapsed time spent in this place.
 B = Non-inter-level travel time spent in this place.
 C = Inter-level travel time spent in this place.
 D = Time resting spent in this place.
 E = Time spent auto-exploring this place.
 F = Levels seen in this place.
 G = Mean time per level.
                   A        B        C        D        E       F      G
               +--------+--------+--------+--------+--------+-----+--------+
         Total |    188 |    188 |      0 |      0 |    174 |   1 |  188.0 |
       Dungeon |    188 |    188 |      0 |      0 |    174 |   1 |  188.0 |
               +--------+--------+--------+--------+--------+-----+--------+

Top non-repeatable levels by time:
     D:1: 188 daAuts
